AoeStats
← Xenol

Arena

508729983Analyzed
1v1 RM · 10d ago on Sep 23, 2026· 27m 27s· 2 players
Game mode
Random Map
Map size
Tiny (2 player)
Population
200
Speed
Normal
Resources
Standard
Victory
Conquest
Starting age
Dark Age
Ending age
Imperial Age
RankedLock teamsTeams togetherTeam positionsShared explorationLock speedFull tech treeHidden civsTurbo modeCheats
Victory
Defeat
🇹🇷 Slavs · Türkiye
725
+17
🇧🇪 Byzantines · Belgium
753
-17
Xenol
3:09 Loom
12:55 Feudal Age
13:34 Man-at-Arms
18:56 Castle Age
16:43 Man-at-Arms
17:50 Forging
19:52 Long Swordsman
20:42 Scale Mail Armor
21:29 Double-Bit Axe
23:46 Wheelbarrow
24:31 Squires
24:11 Pikeman
ayy_lmao
10:42 Feudal Age
18:17 Castle Age
16:43 Double-Bit Axe
21:06 Wheelbarrow
21:55 Bow Saw
21:26 Horse Collar
24:02 Sanctity
26:06 Hand Cart
25:37 Loom
26:23 Fletching
27:26 Redemption
Connection lost

Rejoining the realm…

Still unreachable

The connection could not be restored.

Session expired

The server has moved on; the page needs a fresh start.